 Dungeon Crawl Stone Soup version 0.32-a0-953-g508020473e (webtiles) character file.

Game seed: 1683433452447437184

443964 Konar the Merry Goblin (level 24, -4/183 HPs)
             Began as a Coglin Hunter on Apr 16, 2024.
             Was the Champion of Hepliaklqana.
             Slain by a +2 vampiric glaive (29 damage)
             ... on level 3 of the Elven Halls.
             The game lasted 00:59:40 (43762 turns).

Konar the Merry Goblin (Coglin Hunter)             Turns: 43762, Time: 00:59:41

Health: -4/183     AC: 19    Str: 12    XL:     24   Next: 16%
Magic:  26/30      EV: 36    Int:  8    God:    Hepliaklqana [******]
Gold:   1016       SH:  0    Dex: 30    Spells: 23/23 levels left

rFire   + . .        a - +9 sling (drain) {Diego}
rCold   + + +        w - +9 sling (drain) {Agam}
rNeg    . . .        C - +4 skin of Zhor {*Englaciate rC+++ SInv}
rPois   +            R - +2 helmet of Brilliance {rElec Regen+ SInv}
rElec   +            G - +2 cloak
rCorr   +            c - +3 pair of gauntlets of War {Slay+5}
SInv    +            u - +2 pair of boots
Will    +....        (amulet unavailable)
Stlth   ++           (ring unavailable)
HPRegen 1.30/turn    (ring unavailable)
MPRegen 0.22/turn    e - pneumatic whirligig {AutoDazzle, rPois rCorr Slay+3}

%: no passive effects
@: resistant, studying Short Blades, revved
A: reduced essence, off-hand wielding, slow wielding, warmup strikes, no
jewellery
}: 2/15 runes: barnacled, gossamer
a: Renounce Religion, Recall Ancestor, Ancestor Identity, Transference, Idealise


You were on level 3 of the Elven Halls.
You worshipped Hepliaklqana.
Hepliaklqana was exalted by your worship.
You visited 9 branches of the dungeon, and saw 42 of its levels.
You visited the Abyss 1 time.
You visited 1 bazaar.
You also visited: Trove, Gauntlet and Desolation.

You collected 5649 gold pieces.
You spent 4633 gold pieces at shops.

Inventory:

Hand Weapons
 a - a +9 sling of draining (weapon) {Diego}
 w - a +9 sling of draining (offhand) {Agam}
Missiles
 V - 6 throwing nets
Armour
 c - the +3 pair of gauntlets of War (worn) {Slay+5}
   (You bought it in a shop in a bazaar)

   Slay+5:    It affects your accuracy & damage with ranged weapons and melee
   (+5).
 o - the +3 robe of the Cartwright {rElec rF+++ rN+ Str-5}
   (You found it on level 3 of the Vaults)

   Str-5:     It affects your strength (-5).
   rF+++:     It renders you almost immune to fire.
   rElec:     It insulates you from electricity.
   rN+:       It protects you from negative energy.
 u - a +2 pair of boots (worn)
 C - the +4 skin of Zhor (worn) {*Englaciate rC+++ SInv}
   (You found it on level 7 of the Dungeon)

   *Englaciate: It radiates cold, occasionally slowing all nearby creatures who
   are not resistant to cold.
   rC+++:     It renders you almost immune to cold.
   SInv:      It lets you see invisible.
 G - a +2 cloak (worn)
 L - the +3 robe of Clouds {*Thunder rCloud rElec}
   (You bought it in a shop on level 11 of the Dungeon)

   *Thunder:  It occasionally creates storm clouds above nearby enemies.
   rCloud:    It grants its wearer immunity to clouds.
   rElec:     It insulates you from electricity.
 R - the +2 helmet of Brilliance (worn) {rElec Regen+ SInv}
   (You found it on level 5 of the Lair of Beasts)

   rElec:     It insulates you from electricity.
   SInv:      It lets you see invisible.
   Regen+:    It increases your rate of health regeneration.
 W - the +2 helmet "Jiugenad" {rC+ Will+ Regen+ Str+3}
   (You found it in the Desolation of Salt)

   Str+3:     It affects your strength (+3).
   rC+:       It protects you from cold.
   Will+:     It increases your willpower.
   Regen+:    It increases your rate of health regeneration.
 Y - a +2 hat of willpower
 Z - the +0 leather armour of Soipn {^Contam rF+ rC+ rN+++}
   (You found it on level 2 of the Vaults)

   rF+:       It protects you from fire.
   rC+:       It protects you from cold.
   rN+++:     It renders you almost immune to negative energy.
   ^Contam:   It causes magical contamination when unequipped.
Gizmo
 e - a pneumatic whirligig (installed) {AutoDazzle, rPois rCorr Slay+3}
   (You invented it yourself on level 3 of the Lair of Beasts)

   [pneumatic whirligig]

   AutoDazzle: It sometimes fires a blinding ray at enemies whose attacks you
   dodge.
   Slay+3:    It affects your accuracy & damage with ranged weapons and melee
   (+3).
   rPois:     It protects you from poison.
   rCorr:     It protects you from acid and corrosion.
Wands
 l - a wand of digging (2)
 n - a wand of acid (20)
 r - a wand of mindburst (11)
 x - a wand of iceblast (10)
 B - a wand of polymorph (23)
 F - a wand of charming (35)
 H - a wand of flame (37)
Scrolls
 b - 3 scrolls of butterflies
 f - 2 scrolls of enchant armour
 j - 4 scrolls of fear
 k - 5 scrolls of vulnerability
 p - 12 scrolls of blinking
 q - 13 scrolls of teleportation
 y - 9 scrolls of poison
 E - 3 scrolls of torment
 K - 3 scrolls of immolation
 P - 2 scrolls of revelation
 S - 2 scrolls of brand weapon
 X - a scroll of enchant weapon
Potions
 g - 7 potions of cancellation
 h - 3 potions of invisibility
 i - 6 potions of brilliance
 m - 7 potions of berserk rage
 t - 6 potions of heal wounds
 v - 5 potions of magic
 A - 3 potions of enlightenment
 D - 4 potions of lignification
 I - 4 potions of attraction
 J - 2 potions of haste
 N - 5 potions of might
 O - 7 potions of ambrosia
 Q - 11 potions of curing
 T - 9 potions of mutation
 U - 4 potions of resistance
Miscellaneous
 d - a phantom mirror
 s - a sack of spiders
 z - a lightning rod (4/4)
 M - a tin of tremorstones (2/2)


   Skills:
 + Level 20.0 Fighting
 O Level 27 Ranged Weapons
 - Level 22.0 Dodging
 - Level 0.7 Stealth
 - Level 10.0 Invocations


You had 23 spell levels left.
You didn't know any spells.
Your spell library contained the following spells:

 Spells                   Type           Power      Damage    Failure   Level
 Foxfire                  Conj/Fire      0%         2x1d4     41%         1
 Freeze                   Ice            0%         1d3       41%         1
 Kiss of Death            Conj/Necr      0%         2d5       41%         1
 Necrotise                Necr           0%         1d4       41%         1
 Sandblast                Erth           0%         2d4       41%         1
 Shock                    Conj/Air       0%         1d3       41%         1
 Slow                     Hex            0%         N/A       41%         1
 Sting                    Conj/Alch      0%         1d3       41%         1
 Call Imp                 Summ           0%         N/A       54%         2
 Cigotuvi's Dreadful Rot  Necr/Alch/Air  0%         N/A       54%         2
 Ensorcelled Hibernation  Hex/Ice        0%         N/A       54%         2
 Jinxbite                 Hex            0%         N/A       54%         2
 Mercury Vapours          Alch/Air       0%         N/A       54%         2
 Sublimation of Blood     Necr           0%         N/A       54%         2
 Call Canine Familiar     Summ           0%         N/A       78%         3
 Confusing Touch          Hex            0%         N/A       78%         3
 Mephitic Cloud           Conj/Alch/Air  0%         N/A       78%         3
 Passwall                 Erth           0%         N/A       78%         3
 Sigil of Binding         Hex            0%         N/A       78%         3
 Stone Arrow              Conj/Erth      0%         3d7       78%         3
 Swiftness                Air            0%         N/A       78%         3
 Vampiric Draining        Necr           0%         2d6       78%         3
 Airstrike                Air            0%         2d(0-16)  99%         4
 Animate Armour           Summ/Erth      0%         N/A       99%         4
 Animate Dead             Necr           0%         N/A       99%         4
 Dimensional Bullseye     Hex/Tloc       0%         N/A       99%         4
 Dispel Undead            Necr           0%         3d6       99%         4
 Ignite Poison            Fire/Alch      0%         N/A       99%         4
 Leda's Liquefaction      Alch/Erth      0%         N/A       99%         4
 Martyr's Knell           Necr/Summ      0%         N/A       99%         4
 Olgreb's Toxic Radiance  Alch           0%         N/A       99%         4
 Petrify                  Alch/Erth      0%         N/A       99%         4
 Summon Blazeheart Golem  Fire/Summ      0%         N/A       99%         4
 Borgnjor's Vile Clutch   Necr/Erth      0%         N/A       100%        5
 Curse of Agony           Necr           0%         N/A       100%        5
 Freezing Cloud           Conj/Ice/Air   0%         6-21      100%        5
 Lee's Rapid Deconstruct  Erth           0%         3d4*      100%        5
 Metabolic Englaciation   Hex/Ice        0%         N/A       100%        5
 Yara's Violent Unravell  Hex/Alch       0%         3d3       100%        5
 Conjure Ball Lightning   Conj/Air       0%         3x3d6     100%        6
 Death Channel            Necr           0%         N/A       100%        6
 Plasma Beam              Fire/Air       0%         2x1d10    100%        6
 Sculpt Simulacrum        Ice/Alch       0%         N/A       100%        6
 Starburst                Conj/Fire      0%         6d3       100%        6
 Enfeeble                 Hex            0%         N/A       100%        7
 Magnavolt                Erth/Air       0%         3d9       100%        7
 Orb of Destruction       Conj           0%         9d5       100%        7
 Ozocubu's Refrigeration  Ice            0%         4d7       100%        7
 Seismic Cannonade        Alch/Erth      0%         6d4       100%        7
 Spellforged Servitor     Conj/Summ      0%         N/A       100%        7
 Summon Hydra             Summ           0%         N/A       100%        7
 Borgnjor's Revivificati  Necr           0%         N/A       100%        8
 Discord                  Hex            0%         N/A       100%        8
 Disjunction              Tloc           0%         N/A       100%        8
 Lehudib's Crystal Spear  Conj/Erth      0%         10d2      100%        8
 Polar Vortex             Ice            0%         N/A       100%        9


Dungeon Overview and Level Annotations

Branches:
Dungeon (15/15)            Temple (1/1) D:7            Lair (5/5) D:11
 Shoals (4/4) Lair:2       Spider (4/4) Lair:2        Slime (0/5) Lair:5
    Orc (2/2) D:9             Elf (3/3) Orc:2        Vaults (4/5) D:14
  Crypt (0/3) Vaults:3     Depths (4/4) D:15            Zot (0/5) Depths:4
Desolation (visited)      Gauntlet (visited)

Altars:
Ashenzari
Cheibriados
Dithmenos
Elyvilon
Fedhas
Gozag
Hepliaklqana
Kikubaaqudgha
Makhleb
Nemelex Xobeh
Okawaru
Qazlal
Ru
Sif Muna
Trog
Uskayaw
Vehumet
Wu Jian
Xom
Yredelemnul
Zin
The Shining One
Jiyva

Shops:
D:4 ?=?   D:8 :   D:11 [   D:13 =   D:14 [   D:15 :   Orc:2 !:=(*[([   Elf:2 (
Elf:3 *[?!   Shoals:1 :?!   Vaults:3 :   Depths:1 =   Depths:3 :=?*:

Portals:
Hell: Depths:1 Depths:2 Depths:3 Depths:4
Abyss: Depths:3 Depths:4
Pandemonium: Depths:2
Ziggurat: Depths:2

Annotations:
D:10 4 transporters
D:15 1 runed translucent door
Shoals:2 3 runed translucent doors, BlackSun's ghost, adept HuRe
Elf:2 2 transporters, Autsider's ghost, adept MiFi
Vaults:4 3 runed translucent doors, Vojoh's ghost, adept GrHu


Innate Abilities, Weirdness & Mutations

Your life essence is reduced to manifest your ancestor. (-10% HP)
You can wield a second weapon in your off-hand.
It takes a long time for you to wield or remove held weapons.
Your first few attacks do less damage.
You cannot equip rings or amulets.


Message History

The deep elf sorcerer casts a spell at you.
You easily resist.
The deep elf sorcerer hits you with a +0 long sword!
The deep elf annihilator casts a spell.
The deep elf annihilator blinks!
You shoot a sling bullet.
The sling bullet completely misses the deep elf sorcerer.
You shoot a sling bullet.
The sling bullet hits the deep elf sorcerer.
You drain the deep elf sorcerer.
You kill the deep elf sorcerer!
The air elemental hits Arma. x2
The deep elf demonologist mumbles some strange words.
You shoot a sling bullet.
The sling bullet hits the deep elf annihilator but does no damage.
You shoot a sling bullet.
The sling bullet completely misses the deep elf annihilator.
Arma is no longer paralysed.
The air elemental hits Arma but does no damage.
The deep elf high priest invokes the aid of its god against you.
The sphere of damnation explodes!
The damnation engulfs you!!
The +2 vampiric glaive completely misses you.
The air elemental hits Arma.
Arma hits the air elemental with a +0 lajatang of freezing!!
Arma freezes the air elemental.
The air elemental is destroyed!
You are too injured to fight recklessly!
You are too injured to fight recklessly!
You are too injured to fight recklessly!
You are too injured to fight recklessly!
You are too injured to fight recklessly!
You are too injured to fight recklessly!
Hepliaklqana grants Arma healing and protection!
Arma is healed somewhat.
The deep elf annihilator gestures at you while chanting.
The crystal spear hits you!!!
* * * LOW HITPOINT WARNING * * *
The +2 vampiric glaive hits you from afar!!
You die...
Hepliaklqana delivers you to your ancestors.

*,,,,* *,,* ****** **,*
*,#### *....#**
*##.....,***
#####.......,,,** ***
##.....e.....,,,,** ,,*
###......))...),,,,,** ,**
##......@)..3)..,,,,,,**
.#*
#........e(..R..,,,,,,,*
..*
##..........)....,⌠,,,,,**
.#*
##.......)....ee..,,,,,,,,*
.#
#..........###1)..,,,,,,,,*
.## #........###
*##..,,,,,,,,, .)#
#.......## **.,,,,,,,,, #.#
##.......# *,,,,,,,,,, ).#
#.....).## **,,,,,,,,,


You could see the friendly Arma the battlemage (fast, idealised), an Ice Fiend
(summoned), a deep elf annihilator (ally target), a deep elf sorcerer (fast), a
soul eater (summoned), a deep elf demonologist, a deep elf high priest (drained)
and a +2 vampiric glaive.

Vanquished Creatures
  A royal mummy (Depths:3)
  Bai Suzhen (Spider:3)
  3 caustic shrikes (Depths:4)
  Nikola (Spider:3)
  3 golden dragons
  Zenata (Vaults:2)
  A walking crystal tome (Depths:4)
  2 deep elf master archers (Elf:3)
  A deep elf blademaster (Elf:2)
  6 sphinxes
  An ancient champion (Vaults:3)
  Aizul (Elf:3)
  Gastronok (D:11)
  Donald (Spider:3)
  A draconian shifter (Depths:4)
  3 frost giants
  4 fire giants
  A draconian monk (Depths:4)
  2 emperor scorpions (Spider:4)
  3 ghost moths
  A balrug (Depths:1)
  2 deep elf sorcerers
  7 vault wardens
  6 deep elf elementalists (Elf:3)
  An imperial myrmidon (Desolation)
  An orc warlord (Orc:1)
  2 caustic shrike skeletons (Depths:2)
  13 ironbound preservers
  9 very ugly things
  2 broodmothers
  2 formless jellyfish
  8 stone giants
  A deep elf demonologist (Elf:3)
  2 ironbound thunderhulks
  3 juggernaut skeletons (Depths:2)
  3 deep elf death magi
  A purple draconian (Depths:4)
  6 deep elf annihilators
  2 yellow draconians (Depths:4)
  2 dire elephants (Vaults:3)
  8 spark wasps
  3 war gargoyles (Vaults:2)
  2 black draconians (Depths:4)
  2 halazid warlocks (Desolation)
  A white draconian (Depths:4)
  A bunyip (shapeshifter) (Vaults:3)
  3 ettins
  Snorg (D:10)
  5 merfolk javelineers
  A blizzard demon (Depths:1)
  A mummy priest (Depths:3)
  6 fire dragons
  6 merfolk impalers
  6 crystal guardians
  4 ragged hierophants (Desolation)
  6 yaktaur captains
  A spectral kraken (Shoals:3)
  3 entropy weavers
  3 deep elf high priests
  A servant of whispers (Desolation)
  A great orb of eyes (Vaults:4)
  2 ice dragons
  3 rakshasas
  4 peacekeepers
  4 vault guards (Vaults:1)
  3 ogre magi
  A death knight (D:14)
  2 ironbound frosthearts (Vaults:4)
  A jorogumo (Spider:4)
  2 catoblepae (Lair:5)
  2 spriggan air magi
  11 hydras
  2 merfolk aquamancers (Shoals:4)
  14 centaur warriors
  6 boulder beetles
  3 merfolk avatars
  20 dancing weapons
  The ghost of Evigehu the Martial Artist, a journeyman OpSh of Gozag (D:12)
  2 ghost crabs (Shoals:3)
  12 two-headed ogres
  A satyr (Shoals:4)
  4 death yaks
  An alligator snapping turtle (Shoals:4)
  A sphinx skeleton (Depths:2)
  3 demonic crawlers
  4 deep troll earth magi
  A vampire mage (Depths:1)
  A spriggan berserker (Depths:4)
  A tengu warrior (Depths:3)
  2 sun demons (Depths:1)
  Nergalle (D:10)
  Urug (D:10)
  15 deep elf knights
  3 titan skeletons
  Sonja (Lair:2)
  9 hell knights
  5 pharaoh ants
  5 skysharks
  3 iron trolls
  12 skeletal warriors
  37 deep trolls
  6 sea snakes
  A sun moth (Spider:4)
  8 deep elf archers
  4 orb spiders
  A glowing orange brain (Depths:3)
  6 arcanists
  A mana viper (shapeshifter) (Vaults:2)
  17 harpies
  A golden dragon skeleton (Depths:2)
  29 deep elf zephyrmancers
  3 thermic dynamos (Elf:1)
  5 necromancers
  7 steelbarb worms
  18 ironbound convokers
  A tengu skeleton (Vaults:3)
  4 lindwurms
  An obsidian bat (Orc:1)
  An orc knight (D:15)
  11 wolf spiders
  18 deep elf pyromancers
  An orc sorcerer (Orc:1)
  19 ugly things
  8 cyclopes
  4 fauns
  A shadow dragon skeleton (Depths:2)
  2 shining eyes (shapeshifter)
  15 manticores
  Maurice (D:10)
  An iron dragon skeleton (Depths:2)
  A frost giant skeleton (Vaults:3)
  A fire giant skeleton (Vaults:3)
  9 meliai
  A meliai (shapeshifter) (D:14)
  3 moths of wrath
  A kobold blastminer (Orc:2)
  7 merfolk sirens
  An elephant (Lair:2)
  A torpor snail (shapeshifter) (Vaults:2)
  5 black mambas
  5 water nymphs
  8 vault sentinels
  3 guardian serpents (Desolation)
  11 cane toads
  A gargoyle (D:5)
  Joseph (D:7)
  2 human zombies (Vaults:3)
  15 yaktaurs
  7 torpor snails
  2 spectral merfolk (Shoals:3)
  A rime drake (shapeshifter) (D:14)
  3 rime drakes
  4 human skeletons (Vaults:3)
  6 komodo dragons
  A yaktaur (shapeshifter) (Elf:3)
  Psyche (D:12)
  An efreet (D:15)
  A spectral harpy (Shoals:3)
  3 guardian mummies (Depths:3)
  2 harpy zombies (Shoals:1)
  4 ice devils (Depths:1)
  A yaktaur skeleton (Vaults:3)
  12 trolls
  27 merfolk
  A polar bear (Vaults:2)
  A wind drake (Shoals:1)
  26 jumping spiders
  38 saltlings (Desolation)
  5 hornets
  22 tarantellas
  A glass eye (Depths:4)
  A dream sheep (Lair:2)
  7 snapping turtles
  23 blink frogs
  14 slime creatures
  A centaur simulacrum (D:15)
  19 water elementals
  An air elemental (Elf:3)
  6 wyverns
  A ynoxinul (Abyss:2)
  18 culicivoras
  Eustachio (D:4)
  A vampire (D:11)
  A spriggan skeleton (Depths:2)
  3 wraiths
  A shadow (D:12)
  3 fire elementals (Elf:1)
  7 basilisks
  45 redbacks
  3 vampire mosquitoes
  5 steam dragons
  3 wargs
  47 yaks
  A small abomination (Abyss:2)
  2 acid dragons
  4 glowing shapeshifter skeletons
  11 orc warriors
  11 water moccasins
  A spectral snapping turtle (Shoals:3)
  3 black bears
  2 manticore zombies (Shoals:1)
  11 laughing skulls
  8 wolves
  A boggart (Vaults:1)
  18 centaurs
  18 ogres
  A phantom (D:4)
  2 kobold brigands
  3 earth elementals
  18 bullfrogs
  A gnoll sergeant (D:6)
  A scorpion (D:5)
  5 wights
  4 killer bees (D:9)
  A howler monkey (D:9)
  3 electric eels
  A bombardier beetle (D:3)
  3 jellies
  11 orc priests
  A gnoll bouda (D:4)
  4 hounds
  2 iguanas (D:4)
  6 orc wizards
  7 hell rats (Lair:3)
  A mummy (Depths:3)
  12 gnolls
  15 adders
  A shadow imp (D:8)
  A white imp (D:5)
  5 ufetubi
  3 dart slugs
  4 ribbon worms
  32 orcs
  5 ball pythons
  4 bats
  11 endoplasms
  9 giant cockroaches
  5 goblins
  7 hobgoblins
  16 kobolds
  2 quokkas (D:3)
  5 frilled lizards
  3 rats
1341 creatures vanquished.

Vanquished Creatures (collateral kills)
  Mara (Shoals:3)
  A royal mummy (Depths:3)
  Sojobo (Depths:2)
  A golden dragon (Vaults:2)
  A lich (Depths:4)
  A quicksilver dragon (Depths:3)
  A deep elf blademaster (Elf:3)
  2 tengu reavers (Depths:2)
  2 storm dragons
  A shadow dragon (Depths:3)
  2 fire giants (Depths:3)
  A deep elf sorcerer (Elf:3)
  A curse skull (Depths:2)
  3 vault wardens
  4 emperor scorpions
  An ironbound preserver (Vaults:3)
  4 very ugly things
  A stone giant (Depths:2)
  2 ironbound thunderhulks
  A halazid warlock (Desolation)
  2 deep elf annihilators
  A war gargoyle (Vaults:2)
  A spark wasp (Depths:3)
  2 deep elf death magi (Elf:3)
  A purple draconian (Depths:4)
  2 dire elephants (Vaults:3)
  2 crystal guardians
  2 ragged hierophants (Desolation)
  A yaktaur captain (Vaults:3)
  4 servants of whispers (Desolation)
  A fire dragon (Depths:3)
  2 mummy priests (Depths:3)
  3 merfolk impalers
  Josephine (Orc:1)
  2 hydras
  3 ice dragons
  3 entropy weavers
  2 vault guards
  A great orb of eyes (Vaults:4)
  4 peacekeepers (Desolation)
  A rakshasa (Depths:3)
  A ghost crab (Shoals:3)
  2 centaur warriors
  2 radroaches
  A death knight (D:15)
  A jorogumo (Spider:2)
  A merfolk avatar (Shoals:2)
  A spriggan skeleton (Depths:2)
  7 two-headed ogres
  8 dancing weapons
  A catoblepas (Lair:5)
  A tengu warrior (Depths:3)
  2 alligator snapping turtles
  2 boulder beetles
  3 demonic crawlers
  3 death yaks (Lair:5)
  A vampire mage (Depths:1)
  2 sun demons
  A hell knight (Depths:4)
  9 deep elf knights
  A storm dragon skeleton (Vaults:3)
  2 pharaoh ants (Spider:4)
  10 deep trolls
  7 skeletal warriors (Depths:2)
  3 skysharks
  An iron troll (Depths:1)
  3 sea snakes
  2 deep elf archers
  2 arcanists
  An orb spider (Spider:1)
  A lindwurm (Vaults:1)
  3 steelbarb worms (Spider:4)
  An orc knight (Orc:2)
  An ironbound convoker (Vaults:1)
  4 harpies
  2 spectral merfolk (Shoals:3)
  6 wolf spiders
  An orc sorcerer (Orc:1)
  A shadow dragon skeleton (Depths:2)
  3 ugly things
  3 manticores
  4 deep elf pyromancers
  A merfolk siren (Shoals:4)
  3 meliai
  2 elephants (Lair:2)
  A kobold blastminer (Orc:2)
  A water nymph (Shoals:4)
  3 fire giant skeletons
  A smoke demon (Depths:1)
  5 black mambas
  A molten gargoyle (Desolation)
  3 torpor snails
  A cane toad (shapeshifter) (D:15)
  Maggie (D:7)
  12 cane toads
  2 yaktaurs (Vaults:4)
  An efreet (D:14)
  3 komodo dragons
  4 rime drakes
  A spectral harpy (Shoals:3)
  3 red devils (Orc:2)
  8 merfolk
  14 saltlings (Desolation)
  7 wind drakes
  A troll (Orc:2)
  4 tarantellas
  2 polar bears
  A glass eye (Depths:4)
  Prince Ribbit (D:7)
  4 blink frogs
  2 snapping turtles
  4 culicivoras
  An ettin skeleton (Depths:2)
  6 slime creatures
  An air elemental (Elf:3)
  10 yaks
  7 water elementals
  A shadow (D:9)
  4 wraiths
  A vampire (D:13)
  2 fire elementals
  A basilisk (Lair:5)
  6 redbacks
  A steam dragon (D:10)
  2 wargs
  A vampire mosquito (D:8)
  6 orc warriors
  8 water moccasins
  5 laughing skulls (Depths:2)
  3 ogres (Orc:2)
  An ice beast (D:8)
  3 centaurs
  A kobold brigand (D:7)
  4 bullfrogs
  2 scorpions
  A gnoll sergeant (D:13)
  2 wights
  A killer bee (D:9)
  A hound (D:5)
  4 orc priests
  2 iguanas
  2 orc wizards
  An adder (Lair:4)
  A gnoll (D:13)
  A white imp (D:6)
  2 ufetubi
  4 orcs
  A bat zombie (Shoals:1)
  A kobold (D:8)
  3 butterflies (Lair:5)
385 creatures vanquished.

Vanquished Creatures (others)
  A two-headed ogre (D:15)
  A laughing skull (Depths:2)
  37 battlemagi
  8 tentacles (Shoals:3)
47 creatures vanquished.

Grand Total: 1773 creatures vanquished

Notes
Turn   | Place    | Note
-------+----------+-------------------------------------------
     0 | D:1      | Konar the Coglin Hunter began the quest for the Orb.
     0 | D:1      | Reached XP level 1. HP: 16/16 MP: 1/1
   177 | D:1      | Reached skill level 4 in Ranged Weapons
   177 | D:1      | Reached XP level 2. HP: 22/22 MP: 2/2
   780 | D:1      | Reached XP level 3. HP: 27/27 MP: 3/3
  1383 | D:2      | Reached XP level 4. HP: 33/33 MP: 4/4
  1389 | D:2      | Reached skill level 5 in Ranged Weapons
  1751 | D:3      | Reached XP level 5. HP: 38/38 MP: 5/5
  1763 | D:3      | Found an ancient bone altar of Kikubaaqudgha.
  1790 | D:3      | Found a hazy altar of Hepliaklqana.
  1796 | D:3      | Became a worshipper of Hepliaklqana the Forgotten
  1884 | D:3      | Found an opulent altar of Gozag.
  1917 | D:3      | Found a shimmering blue altar of Sif Muna.
  2490 | D:4      | Found Boifanad's Magic Scroll Shoppe.
  2542 | D:4      | Reached skill level 6 in Ranged Weapons
  2542 | D:4      | Reached XP level 6. HP: 44/44 MP: 6/6
  2595 | D:4      | Found Honaon's Magic Scroll Shoppe.
  2598 | D:4      | Bought a scroll of fear for 48 gold pieces
  2598 | D:4      | Bought a scroll of noise for 12 gold pieces
  2598 | D:4      | Bought a scroll of immolation for 48 gold pieces
  2598 | D:4      | Bought a scroll of identify for 24 gold pieces
  2669 | D:4      | Found Hyumijui's Jewellery Shop.
  2761 | D:4      | Identified the +1 robe of the Comet {rF+ rC++}
  2793 | D:4      | Noticed Eustachio
  2831 | D:4      | Killed Eustachio
  2832 | D:4      | Reached XP level 7. HP: 16/50 MP: 7/7
  3076 | D:4      | Reached * piety under Hepliaklqana
  3113 | D:4      | Reached skill level 7 in Ranged Weapons
  3136 | D:4      | Found a glowing silver altar of Zin.
  3367 | D:5      | Entered Level 5 of the Dungeon
  3508 | D:5      | Found an ornate altar of the Wu Jian Council.
  3585 | D:5      | Identified a scroll of acquirement
  3585 | D:5      | Acquired 829 gold pieces
  3952 | D:5      | Reached XP level 8. HP: 45/50 MP: 8/8
  3978 | D:5      | Noticed a gargoyle
  3983 | D:5      | Killed a gargoyle
  3984 | D:5      | Reached skill level 8 in Ranged Weapons
  3984 | D:5      | Reached skill level 5 in Dodging
  4342 | D:5      | Found a burning altar of Makhleb.
  4755 | D:6      | Reached skill level 9 in Ranged Weapons
  4789 | D:6      | Found a sacrificial altar of Ru.
  4880 | D:6      | Reached XP level 9. HP: 54/54 MP: 9/9
  4938 | D:6      | Reached ** piety under Hepliaklqana
  4939 | D:6      | Remembered your ancestor Arma as a battlemage
  5541 | D:7      | Noticed Maggie
  5547 | D:7      | Killed Maggie
  5548 | D:7      | Reached skill level 10 in Ranged Weapons
  5702 | D:7      | Found a staircase to the Ecumenical Temple.
  5702 | D:7      | Noticed Prince Ribbit
  5703 | D:7      | Noticed Joseph
  5704 | D:7      | Killed Prince Ribbit
  5712 | D:7      | Killed Joseph
  5873 | Temple   | Entered the Ecumenical Temple
  6138 | D:7      | Found the +4 skin of Zhor {*Englaciate rC+++ SInv}
  6172 | D:7      | Reached skill level 11 in Ranged Weapons
  6279 | D:7      | Noticed a rime drake
  6285 | D:7      | Killed a rime drake
  6286 | D:7      | Reached XP level 10. HP: 60/60 MP: 10/10
  6878 | D:8      | Found Opnud's Book Shop.
  7030 | D:8      | Reached *** piety under Hepliaklqana
  7318 | D:9      | Reached skill level 12 in Ranged Weapons
  7467 | D:9      | Found a snail-covered altar of Cheibriados.
  7535 | D:9      | Found a glowing golden altar of the Shining One.
  7535 | D:9      | Found a broken altar of Ashenzari.
  7535 | D:9      | Found a basalt altar of Yredelemnul.
  7548 | D:9      | Found a shimmering altar of Xom.
  7639 | D:9      | Noticed a two-headed ogre
  7645 | D:9      | Killed a two-headed ogre
  7737 | D:9      | Found a staircase to the Orcish Mines.
  7809 | D:9      | Reached skill level 1 in Invocations
  7809 | D:9      | Reached XP level 11. HP: 54/64 MP: 11/11
  7975 | D:9      | Found a shadowy altar of Dithmenos.
  7975 | D:9      | Found a stormy altar of Qazlal.
  8276 | D:10     | Entered Level 10 of the Dungeon
  8276 | D:10     | Noticed a two-headed ogre
  8280 | D:10     | Killed a two-headed ogre
  8280 | D:10     | Noticed Maurice
  8281 | D:10     | Reached skill level 13 in Ranged Weapons
  8284 | D:10     | Killed Maurice
  8414 | D:10     | Identified the +12 halberd of Becrapp {freeze, Str+3 Dex+4
                  | SInv}
  8440 | D:10     | Noticed Urug
  8448 | D:10     | Killed Urug
  8538 | D:10     | Reached **** piety under Hepliaklqana
  8542 | D:10     | Found a transporter.
  8624 | D:10     | Noticed Nergalle
  8624 | D:10     | Noticed Snorg
  8632 | D:10     | Killed Snorg
  8830 | D:10     | Found a transporter.
  8836 | D:10     | Found a transporter.
  8856 | D:10     | Found a transporter.
  8863 | D:10     | Killed Nergalle
  9054 | D:10     | Acquired a manual of Ranged Weapons
  9183 | D:11     | Found Ustra's Armour Boutique.
  9391 | D:11     | Bought the +3 robe of Clouds {*Thunder rCloud rElec} for
                  | 415 gold pieces
  9391 | D:11     | Found the +3 robe of Clouds {*Thunder rCloud rElec}
  9441 | D:11     | Noticed a cyclops
  9451 | D:11     | Killed a cyclops
  9452 | D:11     | Reached skill level 14 in Ranged Weapons
  9576 | D:11     | Noticed a cyclops
  9580 | D:11     | Killed a cyclops
  9627 | D:11     | Noticed a two-headed ogre
  9634 | D:11     | Killed a two-headed ogre
  9635 | D:11     | Reached skill level 10 in Dodging
  9635 | D:11     | Reached XP level 12. HP: 70/70 MP: 15/15
  9639 | D:11     | Noticed Gastronok
  9649 | D:11     | Killed Gastronok
  9650 | D:11     | Reached skill level 5 in Invocations
  9739 | D:11     | Found a staircase to the Lair.
 10124 | D:11     | Found a burning altar of Makhleb.
 10291 | Lair:1   | Entered Level 1 of the Lair of Beasts
 10357 | Lair:1   | Found a gate leading to a gauntlet.
 10367 | Gauntlet | Entered a Gauntlet
 10367 | Gauntlet | Found a transporter.
 10367 | Gauntlet | Found a transporter.
 10368 | Gauntlet | Reached ***** piety under Hepliaklqana
 10371 | Gauntlet | Found a transporter.
 10371 | Gauntlet | Found a transporter.
 10380 | Gauntlet | Found a transporter.
 10405 | Gauntlet | Found a transporter.
 10408 | Gauntlet | Noticed a green death
 10409 | Gauntlet | Found a transporter.
 10409 | Gauntlet | Found a transporter.
 10433 | Gauntlet | Found a transporter.
 10440 | Gauntlet | Found a transporter.
 10452 | Gauntlet | Found a transporter.
 10472 | Gauntlet | Found a transporter.
 10506 | Gauntlet | Found a transporter.
 10524 | Gauntlet | Found a transporter.
 10623 | Gauntlet | Found a transporter.
 10637 | Gauntlet | Found a transporter.
 11837 | Lair:2   | Found a hole to the Spider Nest.
 11924 | Lair:2   | Found a staircase to the Shoals.
 11947 | Lair:2   | Noticed a four-headed hydra
 11949 | Lair:2   | Noticed a skyshark
 11952 | Lair:2   | Killed a four-headed hydra
 11956 | Lair:2   | Killed a skyshark
 11957 | Lair:2   | Reached XP level 13. HP: 74/74 MP: 13/18
 12070 | Lair:2   | Noticed Sonja
 12098 | Lair:2   | Killed Sonja
 13030 | Lair:2   | Identified the staff of Kindness {Will+ rCorr Str-4 Earth}
 13234 | Lair:2   | Reached skill level 10 in Invocations
 13486 | Lair:2   | Found the +16 obsidian axe {drain, demonic, Mesm ^Drain Fly
                  | SInv}
 13505 | Lair:2   | Identified the ring of Elitism {+Blink Fly rF++}
 13940 | Lair:3   | Found an iron altar of Okawaru.
 14000 | Lair:3   | Reached XP level 14. HP: 81/81 MP: 21/21
 14000 | Lair:3   | Acquired a pneumatic whirligig {AutoDazzle, rPois rCorr
                  | Slay+3}
 15056 | Lair:4   | Reached skill level 15 in Ranged Weapons
 15191 | Lair:5   | Entered Level 5 of the Lair of Beasts
 15363 | Lair:5   | Found a staircase to the Slime Pits.
 15363 | Lair:5   | Found a viscous altar of Jiyva.
 15645 | Lair:5   | Reached skill level 16 in Ranged Weapons
 15656 | Lair:5   | Reached skill level 5 in Fighting
 15927 | Lair:5   | Identified the +2 helmet of Brilliance {rElec Regen+ SInv}
 16014 | Lair:5   | Reached XP level 15. HP: 94/94 MP: 22/22
 16056 | Lair:5   | Reached skill level 17 in Ranged Weapons
 16483 | Orc:1    | Entered Level 1 of the Orcish Mines
 16489 | Orc:1    | Noticed Josephine
 16496 | Orc:1    | Killed Josephine
 16547 | Orc:1    | Noticed an orc warlord
 16567 | Orc:1    | Killed an orc warlord
 16568 | Orc:1    | Reached skill level 15 in Dodging
 16719 | Orc:2    | Entered Level 2 of the Orcish Mines
 17188 | Orc:2    | Found a staircase to the Elven Halls.
 17216 | Orc:2    | Found Saisoag's Assorted Antiques.
 17225 | Orc:2    | Found Kemai's Weapon Boutique.
 17236 | Orc:2    | Found Niamp's Book Boutique.
 17246 | Orc:2    | Found Ryneceq's Jewellery Shop.
 17250 | Orc:2    | Bought 3 scrolls labelled IXZUCU UNNO for 105 gold pieces
 17250 | Orc:2    | Bought 2 sapphire potions for 63 gold pieces
 17250 | Orc:2    | Acquired a manual of Ranged Weapons
 17290 | Orc:2    | Found Xuycav's Weapon Shoppe.
 17356 | Orc:2    | Found Qicy's Antique Armour Boutique.
 17387 | Orc:2    | Found Kitigon's Armour Shop.
 17416 | Orc:2    | Found Opoesubec's Distillery.
 17424 | Orc:2    | Bought a potion of might for 48 gold pieces
 17424 | Orc:2    | Bought a potion of heal wounds for 60 gold pieces
 17434 | Orc:2    | Reached skill level 18 in Ranged Weapons
 17758 | D:12     | Found the +18 Lear's hauberk
 17792 | D:12     | Found an iron altar of Okawaru.
 17821 | D:12     | Noticed Psyche
 17824 | D:12     | Killed Psyche
 17826 | D:12     | Noticed Evigehu's ghost (journeyman OpSh)
 17840 | D:12     | You fall into a shaft and drop 2 floors!
 17944 | D:12     | Found a runed translucent door.
 17962 | D:12     | Killed Evigehu's ghost
 18895 | D:13     | Found Maghil's Jewellery Boutique.
 18970 | D:13     | Reached XP level 16. HP: 105/105 MP: 23/23
 19421 | D:14     | Reached skill level 19 in Ranged Weapons
 19804 | D:14     | Reached ****** piety under Hepliaklqana
 19916 | D:14     | Found Polafrat's Antique Armour Shop.
 20156 | D:14     | Found a gate to the Vaults.
 20162 | D:14     | Identified the +3 scimitar of the Pit {antimagic, rF+
                  | Dex+6}
 20365 | D:15     | Entered Level 15 of the Dungeon
 20513 | D:15     | Found Huplav's Book Emporium.
 20601 | D:15     | Found a staircase to the Depths.
 20871 | D:15     | Found a runed translucent door.
 20899 | D:15     | Reached skill level 20 in Ranged Weapons
 21240 | D:15     | Found a stormy altar of Qazlal.
 21602 | Shoals:1 | Entered Level 1 of the Shoals
 21606 | Shoals:1 | Found Tecigo's Book Shoppe.
 21630 | Shoals:1 | Found Ynes's Magic Scroll Emporium.
 21634 | Shoals:1 | Bought a scroll of enchant weapon for 135 gold pieces
 21634 | Shoals:1 | Bought a scroll of blinking for 135 gold pieces
 21999 | Shoals:1 | Found Siamnekeeg's Distillery.
 22003 | Shoals:1 | Bought a potion of cancellation for 104 gold pieces
 22003 | Shoals:1 | Bought a potion of resistance for 130 gold pieces
 22003 | Shoals:1 | Bought a potion of invisibility for 104 gold pieces
 22003 | Shoals:1 | Bought a potion of curing for 39 gold pieces
 22543 | Shoals:2 | Found a runed translucent gate.
 22544 | Shoals:2 | Found a runed translucent gate.
 22591 | Shoals:2 | Reached skill level 10 in Fighting
 22606 | Shoals:2 | Reached skill level 21 in Ranged Weapons
 22606 | Shoals:2 | Reached XP level 17. HP: 115/115 MP: 24/24
 22914 | Shoals:2 | Found a runed translucent gate.
 22916 | Shoals:2 | Noticed BlackSun's ghost (adept HuRe)
 23005 | Shoals:3 | Noticed Mara
 23016 | Shoals:3 | Killed Mara
 23923 | Shoals:4 | Entered Level 4 of the Shoals
 24287 | Shoals:4 | Got a barnacled rune of Zot
 24317 | Shoals:4 | Reached skill level 22 in Ranged Weapons
 24329 | Shoals:4 | Got the Vademecum on Rot
 24568 | Shoals:4 | Got Sif Muna's Atlas of Shivering Profane Deeds
 24734 | Shoals:4 | Reached XP level 18. HP: 98/124 MP: 25/25
 24762 | Shoals:4 | Identified the +7 flail "Foine" {flame, rElec Str+5}
 24997 | Spider:1 | Entered Level 1 of the Spider Nest
 25286 | Spider:1 | Identified the +1 robe of Hesac {rF- Str+3 Int+2}
 26288 | Spider:3 | Noticed Nikola
 26306 | Spider:3 | Killed Nikola
 26453 | Spider:3 | Identified the -2 hat of the Hills {rF- rN+ Will+ Regen+}
 26479 | Spider:3 | Noticed Donald
 26488 | Spider:3 | Killed Donald
 26954 | Spider:3 | Noticed Bai Suzhen
 26975 | Spider:3 | Killed Bai Suzhen
 27096 | Spider:3 | Reached skill level 23 in Ranged Weapons
 27264 | Spider:4 | Entered Level 4 of the Spider Nest
 27599 | Spider:4 | Reached XP level 19. HP: 133/133 MP: 26/26
 28493 | Spider:4 | Got a gossamer rune of Zot
 28871 | Elf:1    | Entered Level 1 of the Elven Halls
 28905 | Elf:1    | Found a flickering gateway to a bazaar.
 28915 | Bazaar   | Entered a bazaar
 28918 | Bazaar   | Found Cohobb's Antique Weapon Shop.
 28931 | Bazaar   | Found Caicodac's Magic Scroll Shop.
 28944 | Bazaar   | Found Mopez's Distillery.
 28973 | Bazaar   | Found Hayn's Antique Armour Shop.
 28991 | Bazaar   | Bought the +3 pair of gauntlets of War {Slay+5} for 1900
                  | gold pieces
 28991 | Bazaar   | Found the +3 pair of gauntlets of War {Slay+5}
 29018 | Bazaar   | Bought a scroll of blinking for 82 gold pieces
 29018 | Bazaar   | Bought a scroll of blinking for 82 gold pieces
 29032 | Bazaar   | Bought a potion of mutation for 88 gold pieces
 29032 | Bazaar   | Bought a potion of resistance for 110 gold pieces
 29032 | Bazaar   | Bought 2 potions of cancellation for 176 gold pieces
 30118 | Elf:2    | Reached skill level 24 in Ranged Weapons
 30235 | Elf:2    | Noticed Autsider's ghost (adept MiFi)
 30250 | Elf:2    | Found a transporter.
 30258 | Elf:2    | Reached XP level 20. HP: 143/143 MP: 27/27
 30264 | Elf:2    | Found a transporter.
 30426 | Elf:2    | Found Ekacsof's Antique Weapon Shoppe.
 30486 | Elf:2    | Found a bloodstained altar of Trog.
 30534 | Elf:2    | Found a runed translucent gate.
 30534 | Elf:2    | Found a runed translucent gate.
 30536 | Elf:2    | Found a runed translucent gate.
 31115 | Elf:3    | Entered Level 3 of the Elven Halls
 31439 | Vaults:1 | Entered Level 1 of the Vaults
 32668 | Vaults:2 | Reached skill level 15 in Fighting
 33057 | Abyss:2  | Cast into level 2 of the Abyss (a deep elf sorcerer)
 33100 | Abyss:2  | Found a corrupted altar of Lugonu.
 33107 | Vaults:2 | Escaped the Abyss
 33114 | Vaults:2 | Reached skill level 25 in Ranged Weapons
 33190 | Vaults:2 | Noticed a golden dragon
 33200 | Vaults:2 | Killed a golden dragon
 33284 | Vaults:2 | Noticed Zenata
 33306 | Vaults:2 | Killed Zenata
 33470 | Vaults:2 | Reached XP level 21. HP: 151/151 MP: 23/28
 33679 | Vaults:2 | Identified the +0 leather armour of Soipn {^Contam rF+ rC+
                  | rN+++}
 33955 | Vaults:3 | Found Beerakeo's Book Boutique.
 34040 | Vaults:3 | Found a crumbling gateway.
 34045 | Desolati | Entered the Desolation of Salt
 34208 | Desolati | Identified the +6 halberd of Ogiceovu {freeze, rPois rF+
                  | rC+ Dex+4}
 34601 | Desolati | Identified the ring of the Doge {Fly Int+2 Stlth+}
 34656 | Desolati | Identified the +2 helmet "Jiugenad" {rC+ Will+ Regen+
                  | Str+3}
 34659 | Desolati | Identified the ring "Pux Leost" {rF+ EV+5}
 35213 | Vaults:3 | Found a staircase to the Crypt.
 35246 | Vaults:3 | Reached skill level 26 in Ranged Weapons
 35459 | Vaults:3 | Reached XP level 22. HP: 161/161 MP: 29/29
 35637 | Vaults:3 | Identified the +3 robe of the Cartwright {rElec rF+++ rN+
                  | Str-5}
 35963 | Vaults:4 | Identified the +0 helmet "Faqaqil" {Harm SInv}
 36562 | Vaults:4 | Found a runed translucent gate.
 36562 | Vaults:4 | Found a runed translucent gate.
 36562 | Vaults:4 | Found a runed translucent gate.
 36563 | Vaults:4 | Noticed Vojoh's ghost (adept GrHu)
 37054 | Depths:1 | Entered Level 1 of the Depths
 37065 | Depths:1 | Found Gyss's Jewellery Boutique.
 37297 | Depths:1 | Found a gateway to Hell.
 37676 | Depths:1 | Found a shadowy altar of Dithmenos.
 38551 | Depths:2 | Found a one-way gateway to a ziggurat.
 38669 | Depths:2 | Found a one-way gate leading to the halls of Pandemonium.
 38752 | Depths:2 | Noticed Sojobo
 38765 | Depths:2 | Killed Sojobo
 38901 | Depths:2 | Reached skill level 27 in Ranged Weapons
 38974 | Depths:2 | Reached XP level 23. HP: 169/169 MP: 30/30
 39258 | Depths:2 | Found a sparkling altar of Nemelex Xobeh.
 39376 | Depths:3 | Found a one-way gate to the infinite horrors of the Abyss.
 39572 | Depths:3 | Found a portal to a secret trove of treasure.
 39823 | Shoals:1 | Bought a scroll of fog for 72 gold pieces
 40036 | D:4      | Bought a scroll of fog for 44 gold pieces
 40036 | D:4      | Bought a scroll of enchant weapon for 82 gold pieces
 40087 | D:4      | Bought a scroll of fog for 48 gold pieces
 40372 | Depths:3 | You paid a toll of 6 scrolls of fog to enter a treasure
                  | trove
 40373 | Trove    | Entered a treasure trove
 40378 | Trove    | Identified the +1 spear of Scorn {spect, *Corrode rN+++
                  | Str+4 Int-4}
 40379 | Trove    | Identified the +1 dagger of Doom {spect, rPois rCorr}
 40396 | Trove    | Identified the +1 spear of Nidexofoitt {drain, rPois rF-
                  | Dex+4}
 40398 | Trove    | Identified the +3 short sword of Xesaf {drain, ^Fragile
                  | rElec Int-4 SInv}
 40399 | Trove    | Identified the +5 mace of Doom {drain, Str+4 Int-5 Dex-2
                  | Stlth+}
 40407 | Trove    | Identified the +9 spear of Hard Scrabble {heavy, rN+ Dex+3}
 40436 | Depths:3 | Found Ishyed Boeko's Book Boutique.
 40436 | Depths:3 | Found Gajug's Magic Scroll Shop.
 40442 | Depths:3 | Found Keniefue's Assorted Antiques.
 40445 | Depths:3 | Found Qalapsud's Jewellery Emporium.
 40448 | Depths:3 | Found Lisace's Book Boutique.
 40450 | Depths:3 | Bought a scroll of blinking for 82 gold pieces
 40480 | Depths:3 | Noticed a golden dragon
 40490 | Depths:3 | Killed a golden dragon
 41159 | Depths:3 | Noticed a royal mummy
 41186 | Depths:3 | Killed a royal mummy
 41276 | Depths:3 | Noticed a royal mummy
 41289 | Depths:3 | Killed a royal mummy
 41701 | Depths:4 | Entered Level 4 of the Depths
 41804 | Depths:4 | Noticed a golden dragon
 41810 | Depths:4 | Killed a golden dragon
 41909 | Depths:4 | Noticed a golden dragon
 41914 | Depths:4 | Killed a golden dragon
 41998 | Depths:4 | Identified the +3 plate armour of Enwul {rF+ Str+3 Dex+3}
 42015 | Depths:4 | Noticed a caustic shrike
 42017 | Depths:4 | Noticed a caustic shrike
 42018 | Depths:4 | Noticed a caustic shrike
 42339 | Depths:4 | Killed a caustic shrike
 42341 | Depths:4 | Killed a caustic shrike
 42345 | Depths:4 | Killed a caustic shrike
 42756 | Depths:4 | Found a gate to the Realm of Zot.
 43376 | Elf:3    | Found Kidaunas's Antique Armour Emporium.
 43379 | Elf:3    | Found Gosag's Distillery.
 43379 | Elf:3    | Found Nuczea's General Store.
 43388 | Elf:3    | Found Eseez's Magic Scroll Shoppe.
 43391 | Elf:3    | Bought a potion of cancellation for 120 gold pieces
 43391 | Elf:3    | Bought a potion of mutation for 120 gold pieces
 43391 | Elf:3    | Bought a potion of heal wounds for 75 gold pieces
 43394 | Elf:3    | Bought a scroll of blinking for 82 gold pieces
 43698 | Elf:3    | Reached XP level 24. HP: 181/181 MP: 30/30
 43750 | Elf:3    | Identified the serpent talisman of the Villain {rF+ Int+3}
 43750 | Elf:3    | Noticed Aizul
 43758 | Elf:3    | Killed Aizul
 43762 | Elf:3    | Slain by a +2 vampiric glaive

Illustrated notes

Levels and vault maps discovered:
D:1:      dpeg_arrival_signposts, layout_basic, minmay_hexomino_f4
D:2:      layout_basic, kennysheep_decorative_pillar,
          nicolae_concentric_dashed_squares_wild, minmay_close_crescents
D:3:      layout_loops_ring, mainiacjoe_overflow_catch_the_wave,
          mainiacjoe_overflow_boulevard, kiku_gazebo_pond_becter,
          kennysheep_generic_room_10
D:4:      layout_basic, overflow_temple_1_default, serial_shops, shop,
          shop_statue, nicolae_shop_rolled_up, uniq_eustachio
D:5:      layout_gridville, nicolae_wu_jian_immortal_techniques,
          lightli_temple_of_fire, hangedman_abyss_or_decor_stagger,
          minmay_manual_mess
D:6:      layout_basic, hangedman_ru_absence
D:7:      layout_gridville, minmay_temple_entry_statues_pillars,
          hellmonk_guarded_unrand_zhor, uniq_maggie, uniq_joseph,
          uniq_prince_ribbit1
D:8:      layout_gridville, serial_shops, shop
D:9:      layout_irregular_city, gammafunk_temple_overflow_forgotten,
          nicolae_overflow_two_pavilions, mainiacjoe_overflow_six_doors_small,
          mainiacjoe_overflow_small_starburst, david_orc_1_choice
D:10:     layout_basic, minivault_14, nicolae_transporter_circle, uniq_maurice,
          uniq_urug, uniq_snorg, uniq_nergalle
D:11:     layout_stronghold, minmay_lair_entry_grove, nicolae_stop_n_shop_2,
          bloody_makhleb, uniq_gastronok
D:12:     layout_irregular_city, hellmonk_ghost_happy_afterlife,
          okawaru_trees_2, uniq_psyche
D:13:     layout_roguey, serial_shops, nicolae_shop_statue_plus
D:14:     layout_long_grid, david_vaults_4, serial_shops, nicolae_shop_trees,
          roderic_serpentine_path
D:15:     hellmonk_depths_entry_around_the_bend, layout_loops_ring,
          serial_shops, nicolae_book_shop_shelving, hangedman_decor_points,
          minivault_27, minmay_st_funbox, nicolae_qazlal_eye_of_the_storm
Temple:   hellmonk_temple_of_storms
Lair:1:   layout_loops_ring, gauntlet_entry_generic,
          chequers_serial_rivers_micro_d, st_stairs_9, beast_lair_carwin_3
Lair:2:   nzn_winding_woodlands_huge [nzn_winding_woodlands_5x15_split_checker,
          nzn_winding_woodlands_5x15_jagged,
          nzn_winding_woodlands_5x15_concentric,
          nzn_winding_woodlands_5x15_sidewinder,
          nzn_winding_woodlands_5x15_river_crossing,
          nzn_winding_woodlands_5x15_eye, nzn_winding_woodlands_5x15_parted,
          nzn_winding_woodlands_5x15_garden,
          nzn_winding_woodlands_5x15_longhouse,
          nzn_winding_woodlands_5x15_lazy_stream,
          nzn_winding_woodlands_center_lodge,
          nzn_winding_woodlands_center_pierced_h,
          nzn_winding_woodlands_15x15_boxy_spiral], layout_cave_pods,
          minmay_shoals_entry_beasts, spider_nest_entry_web_field,
          dreamdust_deal_with_the_devil, uniq_sonja
Lair:3:   layout_long_grid, basic_altar
Lair:4:   minmay_lair_venomous_thicket, layout_gridlike
Lair:5:   evilmike_catoblepas_cave, layout_gridlike, minmay_slime_entry_pillars,
          lemuel_fruit_fields
Shoals:1: layout_shoals, serial_shops, nicolae_shop_back_alley_shop,
          shop_fountains, nicolae_shop_back_alley_shop,
          nicolae_shoals_undead_eyrie
Shoals:2: layout_shoals, ebering_ghost_rock_garden
Shoals:3: layout_shoals, nicolae_shoals_spectral_cove, uniq_mara
Shoals:4: shoals_end_simple, layout_shoals
Spider:1: layout_spider_delve, nicolae_spider_nook
Spider:2: layout_spider_delve, nicolae_spider_webs_and_nodes
Spider:3: layout_spider_delve, hellmonk_motheaten_closet, uniq_nikola,
          uniq_donald, uniq_bai_suzhen
Spider:4: hellmonk_spider_rune_bug_friends, drop_trap, dreamdust_wasp_nest
Orc:1:    layout_diamond_mine, uniq_josephine
Orc:2:    st_orc_open, layout_caves, serial_shops, shop,
          nicolae_shop_just_a_little_nook, nicolae_shop_bloodbath_and_beyond,
          nicolae_shop_tiny_statue_garden, einodemon_armed_red_devil_minivault
Elf:1:    eino_elf_arrival_sip, layout_loops_corners, serial_shops,
          bzr_in_the_mist, hangedman_elven_crosses_minicolossus,
          hangedman_elf_targeted_burst, grunt_ministairs_1
Elf:2:    elven_hall_of_blades_hangedman_original
          [nicolae_blade_entry_antechamber], layout_loops_cross,
          gammafunk_ghost_wrathful_warriors, serial_shops,
          nicolae_shop_peninsula, nicolae_zig_zag_zippers
Elf:3:    minmay_elf_hall_quartered_circle, layout_loops_corners,
          billiards_dpeg, minmay_shoptagon, uniq_aizul
Vaults:1: nicolae_vaults_double_plus_2, nicolae_vaults_diamond_1,
          nicolae_vaults_surprise_closet_hard,
          vaults_standard_mumra_enter_the_diamond, nicolae_vaults_apartment_1,
          nicolae_vaults_variable_pillar_hall, v_misc_19,
          nicolae_vaults_little_squares_6, nicolae_vaults_surprise_closet,
          layout_vaults_quadrants
Vaults:2: v_misc_28, nicolae_vaults_storage_room_statues,
          nicolae_vaults_lightning_bolt, dpeg_index_elf_rogue_hall,
          serial_ice_h, hangedman_vaults_trim, vaults_dpeg_diagonal,
          nicolae_vaults_storage_closets_1, vaults_room_grid,
          vaults_room_corners, v_pattern_2, vaults_room_pool,
          ontoclasm_vaults_idyll, nicolae_vaults_apartment_1,
          layout_vaults_omnibox, uniq_zenata
Vaults:3: portal_desolation_entry_ruin, vaults_standard_mumra_enter_the_diamond,
          vaults_room_fours, minmay_crypt_entry_skeletal_spiral,
          nicolae_vaults_diamond_2, hangedman_vaults_hat,
          hangedman_vaults_restitches, nicolae_vaults_offset_grid_hallway_4,
          nicolae_vaults_big_ls, st_lattice, nicolae_vaults_diamond_2,
          nicolae_vaults_spaceships, nicolae_vaults_little_squares_2,
          layout_vaults_maze, serial_shops, nicolae_shop_pleasant_corner_grove
Vaults:4: ebering_ghost_rock_garden, nicolae_vaults_diagonal_hallway_7,
          nicolae_vaults_trapezoid_3, v_misc_10,
          nicolae_vaults_closet_pinwheel_2, vaults_standard_mumra_lines,
          v_misc_23, v_rooms_2, nicolae_vaults_diamond_1,
          ontoclasm_vaults_pinch, layout_vaults_ring
Depths:1: layout_basic, grunt_dithmenos_smoke_and_mirrors, grunt_metal_band,
          serial_shops, nicolae_shop_gaudy_bauble, hangedman_decor_riveting,
          minmay_fire_ice_demons
Depths:2: minmay_skeleton_keep, layout_gridlike, enter_ziggurat_b,
          nemelex_diamond_rough_becter, grunt_pan_entry_spiral,
          pf_hell_entry_great_geh, uniq_sojobo
Depths:3: ragdoll_tomb_raider, layout_cave_shapes, abyss_entry,
          nicolae_trove_entry_columns, nicolae_titane, pf_coc_iceberg,
          minmay_misc_feat_roman, minmay_misc_feat_doors,
          nicolae_shop_national_dungeon_mall
Depths:4: grunt_zot_entry_gee_three, layout_long_grid,
          regret_index_abyss_entry_already_here, serial_bayou,
          serial_bayou_lagoon_b, serial_bayou_pond_a, serial_bayou_pond_e,
          serial_bayou_lagoon_a, hell_entry

Skill      XL: |  1  2  3  4  5  6  7  8  9 10 11 12 13 14 15 16 17 18 19 20 21 22 23 24 |
---------------+-------------------------------------------------------------------------+-----
Ranged Weapons | 4 5 6 7 9 11 12 14 16 18 21 22 23 24 25 26 27 | 27.0
Dodging        | 2 3 4 5 7 8 10 12 13 14 15 16 17 18 19 20 21 22 | 22.0
Invocations    | 1 4 7 10 | 10.0
Fighting       | 5 8 10 11 12 14 15 16 17 19 20 | 20.0
Stealth        | |  0.7

Action                     |  1- 3 |  4- 6 |  7- 9 | 10-12 | 13-15 | 16-18 | 19-21 | 22-24 || total
---------------------------+-------+-------+-------+-------+-------+-------+-------+-------++-------
   Fire: Sling             |   140 |   262 |   354 |   860 |  1894 |  2530 |  2328 |  1894 || 10262
 Invoke: Recall Ancestor   |       |       |     1 |       |     5 |     5 |     4 |     2 ||    17
         Ancestor Identity |       |       |     1 |       |       |       |       |       ||     1
         Ancestor Life: Ba |       |       |     1 |       |       |       |       |       ||     1
         Idealise          |       |       |       |     3 |     5 |     7 |     6 |     8 ||    29
         Transference      |       |       |       |     1 |       |       |       |       ||     1
Ability: Invent Gizmo      |       |       |       |       |     1 |       |       |       ||     1
  Evoke: Wand              |       |       |       |       |       |       |     2 |       ||     2
    Use: Scroll            |     6 |     9 |     3 |    12 |     6 |    14 |    11 |     7 ||    68
         Potion            |       |     2 |     1 |       |     4 |     4 |       |     5 ||    16
 Armour: Leather armour    |     6 |    13 |       |       |       |       |       |       ||    19
         Robe              |       |    20 |    33 |     5 |     5 |     2 |       |       ||    65
         Skin              |       |     6 |       |       |       |       |       |       ||     6
         Animal skin       |       |       |       |     6 |    48 |   149 |   145 |    95 ||   443
  Dodge: Dodged            |     5 |    28 |    23 |    47 |   169 |   371 |   370 |   158 ||  1171

Table legend: (Time is in decaauts)
 A = Elapsed time spent in this place.
 B = Non-inter-level travel time spent in this place.
 C = Inter-level travel time spent in this place.
 D = Time resting spent in this place.
 E = Time spent auto-exploring this place.
 F = Levels seen in this place.
 G = Mean time per level.
                   A        B        C        D        E       F      G
               +--------+--------+--------+--------+--------+-----+--------+
         Total |  42894 |  37373 |   5521 |   2153 |  28481 |  47 |  912.6 |
       Dungeon |  15243 |  12588 |   2655 |    738 |  10122 |  15 | 1016.2 |
        Temple |      4 |      4 |      0 |      0 |      0 |   1 |    4.0 |
          Lair |   5844 |   4948 |    896 |    274 |   3788 |   5 | 1168.8 |
        Shoals |   3530 |   3179 |    351 |    179 |   2348 |   4 |  882.5 |
   Spider Nest |   3558 |   3290 |    268 |    356 |   2174 |   4 |  889.5 |
  Orcish Mines |   1172 |    964 |    208 |     68 |    618 |   2 |  586.0 |
   Elven Halls |   2661 |   2339 |    322 |     14 |   1848 |   3 |  887.0 |
        Vaults |   4594 |   4337 |    257 |     39 |   3542 |   4 | 1148.5 |
        Depths |   5094 |   4532 |    562 |    484 |   3266 |   4 | 1273.5 |
         Abyss |     48 |     48 |      0 |      0 |      0 |   1 |   48.0 |
        Bazaar |    123 |    123 |      0 |      0 |     69 |   1 |  123.0 |
         Trove |     43 |     43 |      0 |      0 |     19 |   1 |   43.0 |
    Desolation |    621 |    621 |      0 |      0 |    408 |   1 |  621.0 |
      Gauntlet |    352 |    352 |      0 |      0 |    277 |   1 |  352.0 |
               +--------+--------+--------+--------+--------+-----+--------+

Top non-repeatable levels by time:
  Lair:2: 2396 daAuts
Depths:3: 1496 daAuts
    D:11: 1340 daAuts
    D:14: 1330 daAuts
Vaults:2: 1283 daAuts
Spider:4: 1269 daAuts
Depths:2: 1252 daAuts
Depths:1: 1206 daAuts
   Elf:1: 1191 daAuts
     D:7: 1191 daAuts
Vaults:3: 1189 daAuts
     D:4: 1160 daAuts
  Lair:1: 1150 daAuts
Depths:4: 1137 daAuts
    D:15: 1127 daAuts
